 Dungeon Crawl Stone Soup version 0.29-a0-322-g68df515428 (webtiles) character file.

Game seed: 15674500153149939126

903 kae the Firebug (level 8, 0/45 HPs)
             Began as a Tengu Fire Elementalist on Apr 7, 2022.
             Was an Initiate of Sif Muna.
             Slain by a jackal (2 damage)
             ... on level 5 of the Dungeon.
             The game lasted 00:05:22 (7455 turns).

kae the Firebug (Tengu Fire Elementalist)           Turns: 7455, Time: 00:05:23

Health: 0/45       AC:  5    Str:  7 (8)  XL:     8   Next: 7%
Magic:  12/23      EV: 15    Int: 16 (17) God:    Sif Muna [......]
Gold:   155        SH:  0    Dex: 15 (16) Spells: 7/13 levels left

rFire   + + .      SeeInvis .   f - staff of conjuration
rCold   . . .      Faith    .   (no shield)
rNeg    . . .      Spirit   .   n - +2 leather armour "Irriesia" {rF++}
rPois   .          Reflect  .   (helmet restricted)
rElec   .          Harm     .   (no cloak)
rCorr   .          Rampage  .   (no gloves)
Will    .....                   (boots unavailable)
Stlth   ++........              (no amulet)
HPRegen 0.15/turn               m - ring of wizardry
MPRegen 0.18/turn               h - ring of magical power

@: flying quickly and evasively, quick
A: beak, talons 3, nimble flight
a: Renounce Religion


You were on level 5 of the Dungeon.
You worshipped Sif Muna.
Sif Muna was noncommittal.
You visited 2 branches of the dungeon, and saw 6 of its levels.

You collected 155 gold pieces.

Inventory:

Hand Weapons
 c - a +0 dagger
 d - a +2 mace of protection
Armour
 a - a +0 robe
 n - the +2 leather armour "Irriesia" (worn) {rF++}
   (You found it on level 2 of the Dungeon)

   rF:        It greatly protects you from fire.
Magical Staves
 f - a staff of conjuration (weapon)
Jewellery
 e - a ring of resist corrosion
 h - a ring of magical power (right hand)
 m - a ring of wizardry (left hand)
 r - a +4 ring of protection
 s - a ring of fire
Wands
 j - a wand of charming (6)
Scrolls
 g - 3 scrolls of teleportation
 q - 3 scrolls of enchant weapon {unknown}
 t - 2 scrolls of amnesia {unknown}
Potions
 b - a potion of magic
 i - 2 potions of mutation
 k - 2 potions of flight
 l - a potion of curing
 o - 2 potions of brilliance
 u - a potion of might


   Skills:
 + Level 2.8 Fighting
 + Level 3.0 Staves
 + Level 3.1 Armour
 + Level 4.1 Dodging
 - Level 2.0 Stealth
 + Level 3.3 Spellcasting
 + Level 4.2 Conjurations
 + Level 4.7 Fire Magic
 + Level 2.8 Evocations


You had 7 spell levels left.
You knew the following spells:

 Your Spells              Type           Power      Damage    Failure   Level
a - Foxfire               Conj/Fire      100%       2x1d9     1%          1
b - Scorch                Fire           34%        2d6       2%          2
c - Conjure Flame         Conj/Fire      25%        6-21      4%          3

Your spell library contained the following spells:

 Spells                   Type           Power      Damage    Failure   Level
 Inner Flame              Hex/Fire       10%        N/A       12%         3
 Flame Wave               Conj/Fire      25%        2d7       16%         4


Dungeon Overview and Level Annotations

Branches:
Dungeon (5/15)             Temple (1/1) D:4

Altars:
Ashenzari
Cheibriados
Dithmenos
Gozag
Hepliaklqana
Kikubaaqudgha
Makhleb
Nemelex Xobeh
Okawaru
Qazlal
Sif Muna
Trog
Uskayaw
Vehumet
Wu Jian
Yredelemnul
Zin
The Shining One


Innate Abilities, Weirdness & Mutations

You have a beak for a mouth.
You have claws for feet.
Your magical nature lets you fly swiftly and evasively.


Message History

The orc priest closely misses you.
You are too injured to fight recklessly!
You are too injured to fight recklessly!
You hit the orc priest but do no damage.
You peck the orc priest, but do no damage.
The orc priest is severely wounded.
The orc priest is no longer more vulnerable to fire.
The orc priest hits you but does no damage.
It was a potion of degeneration.
There was something very wrong with that liquid.
You feel weakened.
You feel dopey.
You feel clumsy. The orc priest closely misses you.
You hit the orc priest but do no damage.
You claw the orc priest, but do no damage.
The orc priest is severely wounded.
The orc priest hits you with a +0 whip.
* * * LOW HITPOINT WARNING * * *
You hit the orc priest but do no damage.
You claw the orc priest.
The orc priest is almost dead.
The orc priest misses you.
You closely miss the orc priest. Your kick misses the orc priest.
The orc priest is almost dead.
The orc priest invokes the aid of Beogh against you.
Beogh smites you!
* * * LOW HITPOINT WARNING * * *
You barely miss the orc priest.
You claw the orc priest, but do no damage.
You peck the orc priest, but do no damage.
The orc priest is almost dead.
The orc priest barely misses you.
You hit the orc priest but do no damage.
You claw the orc priest.
You kill the orc priest!
Sif Muna accepts your kill. The jackal attacks as you move away!
The jackal misses you. The jackal closely misses you. The jackal bites you.
* * * LOW HITPOINT WARNING * * *
The jackal attacks as you move away! The jackal bites you.
You die...

#####
########...#
........@..# #.#
########.ho# #.#
#.#o# #.#
####.#)# #.#
###....#..†.h.o.
#.#
#...#######.....
#.# #.#....#
....
#.#####.####.#
...
####).......# #
##


You could see 2 orcs and a jackal.

Vanquished Creatures
  An ice beast (D:4)
  2 ogres
  A jelly (D:4)
  2 orc priests
  A gnoll shaman (D:4)
  Ijyb (D:3)
  An iguana (D:4)
  5 orc wizards
  Robin (D:1)
  9 adders
  6 gnolls
  3 worms
  3 dart slugs
  17 orcs
  9 ball pythons
  6 endoplasms
  4 giant cockroaches
  11 goblins
  8 hobgoblins
  A jackal (D:5)
  6 kobolds
  3 quokkas
  5 bats
  4 rats
110 creatures vanquished.

Vanquished Creatures (collateral kills)
  A phantom (D:4)
1 creature vanquished.

Vanquished Creatures (others)
  134 foxfires
134 creatures vanquished.

Grand Total: 245 creatures vanquished

Notes
Turn   | Place    | Note
-------+----------+-------------------------------------------
     0 | D:1      | kae the Tengu Fire Elementalist began the quest for the
                  | Orb.
     0 | D:1      | Reached XP level 1. HP: 10/10 MP: 4/4
     2 | D:1      | Noticed a tengu
     2 | D:1      | Noticed a ghoul
     4 | D:1      | Noticed a merfolk
     6 | D:1      | Noticed a demonspawn
     8 | D:1      | Noticed a gargoyle
     8 | D:1      | Noticed a human
    12 | D:1      | Noticed a spriggan
    12 | D:1      | Noticed a felid
    14 | D:1      | Noticed a draconian
    16 | D:1      | Noticed a minotaur
    16 | D:1      | Noticed a demigod
    18 | D:1      | Noticed a naga
    18 | D:1      | Noticed a formicid
    20 | D:1      | Noticed an elf
    20 | D:1      | Noticed an octopode
    22 | D:1      | Noticed a dwarf
    22 | D:1      | Noticed an ogre
    24 | D:1      | Noticed a troll
    24 | D:1      | Noticed a vampire
    26 | D:1      | Noticed a vine stalker
   557 | D:1      | Reached XP level 2. HP: 16/16 MP: 4/6
  1280 | D:2      | Reached XP level 3. HP: 19/20 MP: 7/7
  1292 | D:2      | Identified the +2 leather armour "Irriesia" {rF++}
  1336 | D:2      | Learned a level 2 spell: Scorch
  1340 | D:2      | Learned a level 3 spell: Conjure Flame
  1565 | D:2      | Noticed Robin
  1570 | D:2      | Reached skill level 1 in Fighting
  1609 | D:1      | Killed Robin
  2011 | D:2      | Reached skill level 1 in Armour
  2011 | D:2      | Reached XP level 4. HP: 22/25 MP: 3/8
  2846 | D:3      | Reached skill level 1 in Staves
  3054 | D:3      | Noticed Ijyb
  3057 | D:3      | Paralysed by Ijyb for 2 turns
  3318 | D:3      | Paralysed by Ijyb for 7 turns
  3344 | D:3      | Killed Ijyb
  3345 | D:3      | Gained mutation: Your magical nature lets you fly swiftly
                  | and evasively. [Tengu growth]
  3345 | D:3      | Reached XP level 5. HP: 14/29 MP: 8/9
  3593 | D:3      | Reached skill level 1 in Evocations
  3973 | D:3      | Found a faded altar of an unknown god.
  4234 | D:3      | Found an iron altar of Okawaru.
  4243 | D:3      | Found an ornate altar of the Wu Jian Council.
  4624 | D:4      | Reached XP level 6. HP: 35/35 MP: 10/10
  4749 | D:4      | Found a staircase to the Ecumenical Temple.
  4801 | Temple   | Entered the Ecumenical Temple
  4969 | Temple   | Became a worshipper of Sif Muna the Loreminder
  5075 | D:4      | Noticed an ice beast
  5083 | D:4      | Killed an ice beast
  5733 | D:4      | Reached XP level 7. HP: 25/40 MP: 12/12
  6271 | D:5      | Entered Level 5 of the Dungeon
  7363 | D:5      | Reached XP level 8. HP: 45/45 MP: 13/13
  7454 | D:5      | HP: 2/45 [jackal (2)]
  7455 | D:5      | Slain by a jackal

Illustrated notes

Levels and vault maps discovered:
D:1:      kb_arrival_jail, layout_basic, minmay_misc_feat_cross
D:2:      minmay_alternating_diamond, layout_basic, uniq_robin
D:3:      layout_loops_corners, mainiacjoe_overflow_swirl,
          basic_ecumenical_altar, uniq_ijyb
D:4:      layout_basic, minmay_temple_entry_trees
D:5:      layout_loops_ring, nicolae_ru_path_of_blood
Temple:   nicolae_temple_elliptical

Skill      XL: |  1  2  3  4  5  6  7  8 |
---------------+-------------------------+-----
Conjurations   | 2 3 4 |  4.2
Fighting       | 1 2 |  2.8
Armour         | 1 2 3 |  3.1
Staves         | 1 2 3 |  3.0
Dodging        | 3 4 |  4.1
Evocations     | 1 2 |  2.8
Fire Magic     | 4 |  4.7
Spellcasting   | 3 |  3.3
Stealth        | |  2.0

Action                   |  1- 3 |  4- 6 |  7- 9 || total
-------------------------+-------+-------+-------++-------
Melee: Unarmed           |     3 |       |       ||     3
       Mace              |     8 |       |       ||     8
       Kick              |    11 |     9 |     4 ||    24
       Peck              |     7 |     8 |     2 ||    17
       Staff             |    38 |    50 |    13 ||   101
       Punch             |     1 |       |       ||     1
 Cast: Foxfire           |    33 |    29 |    20 ||    82
       Scorch            |     1 |    45 |    45 ||    91
       Conjure Flame     |       |       |     1 ||     1
Evoke: Wand              |       |     1 |       ||     1
  Use: Potion            |     1 |       |     1 ||     2
       Scroll            |       |     8 |     3 ||    11
Armor: Robe              |     3 |       |       ||     3
       Leather armour    |    18 |    38 |    10 ||    66
Dodge: Dodged            |    42 |    62 |    81 ||   185

Table legend: (Time is in decaauts)
 A = Elapsed time spent in this place.
 B = Non-inter-level travel time spent in this place.
 C = Inter-level travel time spent in this place.
 D = Time resting spent in this place.
 E = Time spent auto-exploring this place.
 F = Levels seen in this place.
 G = Mean time per level.
                   A        B        C        D        E       F      G
               +--------+--------+--------+--------+--------+-----+--------+
         Total |   7307 |   7042 |    265 |   1814 |   4242 |   6 | 1217.8 |
       Dungeon |   7147 |   6909 |    238 |   1814 |   4122 |   5 | 1429.4 |
        Temple |    160 |    134 |     26 |      0 |    120 |   1 |  160.0 |
               +--------+--------+--------+--------+--------+-----+--------+

Top non-repeatable levels by time:
     D:4: 2332 daAuts
     D:1: 1678 daAuts
     D:3: 1610 daAuts
     D:2: 1140 daAuts
     D:5: 385 daAuts
  Temple: 160 daAuts
